Map: Reclamation LE

Players

Ekelpack - Winner!

  • Race: Zerg Zerg
  • Spawn Location: 5:00

Nyck - Winner!

  • Race: Terran Terran
  • Spawn Location: 6:00

Kos

  • Race: Protoss Protoss
  • Spawn Location: 12:00

NewOrdered

  • Race: Terran Terran
  • Spawn Location: 11:00

VOD

Have the link to the VOD?

Description

Time

  • Played on: Oct. 8, 2024, 2:18 p.m.
  • Length: 18:23
Show
View Real Time Build Order
Export as new Build Order

Ekelpack Zerg - Winner!

Build Orders: Hatch First, Swarm Host 

Get SALT Encoding   

  12  0:00  Drone  
  13  0:09  Drone  
  14  0:20  Overlord  
  14  0:43  Hatchery  
  14  0:46  Drone  
  14  0:51  Drone  
  15  1:05  Spawning Pool  
  15  1:08  Drone  
  15  1:12  Drone  
  15  1:15  Drone  
  17  1:19  Extractor  
  17  1:21  Drone  
  17  1:31  Drone  
  18  1:41  Drone  
  19  1:52  Queen  
  21  1:55  Queen  
  21  1:58  Drone  
  24  2:12  Roach Warren  
  24  2:13  Drone  
  24  2:20  Overlord  
  24  2:23  Drone  
  24  2:26  Drone  
  24  2:29  Drone  
  27  2:44  Drone  
  27  2:46  Drone x3  
  27  2:47  Overlord  
  31  3:02  Overlord  
  31  3:10  Roach x5  
  41  3:13  Roach  
  41  3:17  Overlord  
  43  3:22  Zergling x2  
  43  3:23  Roach  
  46  3:27  Extractor  
  46  3:30  Lair  
  45  3:36  Evolution Chamber  
  45  3:37  Drone  
  45  3:47  Queen  
  45  3:48  Drone x2  
  49  3:50  Drone  
  49  3:54  Extractor  
  49  4:01  Drone x4  
  53  4:05  Zerg Missile Weapons Level 1  
  53  4:10  Drone  
  53  4:11  Drone  
  55  4:21  Extractor  
  55  4:22  Drone x2  
  55  4:23  Drone x2, Overlord  
  57  4:44  Drone x3  
  57  4:45  Drone  
  61  4:59  Hydralisk Den  
  60  5:05  Overlord  
  60  5:08  Hatchery  
  59  5:21  Overlord  
  59  5:33  Hydralisk x4  
  59  5:34  Hydralisk x4  
  75  5:35  Overlord  
  75  5:57  Grooved Spines  
  75  6:10  Overlord, Hydralisk x6  
  75  6:11  Hydralisk  
  89  6:29  Zerg Missile Weapons Level 2  
  89  6:32  Drone x2  
  91  6:43  Overseer  
  91  6:48  Drone x6  
  91  6:49  Drone x2  
  99  7:09  Overlord x2, Hydralisk x3  
  99  7:13  Overlord  
  105  7:42  Extractor  
  105  7:43  Hydralisk x3  
  110  7:44  Hydralisk x5  
  110  7:45  Hydralisk x4  
  110  7:46  Overlord x2  
  110  7:51  Hatchery  
  127  8:01  Overlord  
  127  8:07  Drone x3  
  127  8:10  Muscular Augments  
  130  8:13  Glial Reconstitution  
  130  8:15  Ravager x2  
  130  8:16  Ravager  
  133  8:28  Infestation Pit  
  132  8:40  Extractor  
  131  8:45  Zerg Ground Armor Level 1  
  131  9:02  Overlord x2  
  131  9:23  Hydralisk x2  
  133  9:24  Hydralisk x5  
  133  9:25  Hydralisk x6  
  133  9:26  Hydralisk x5  
  133  9:28  Overlord x3  
  167  9:44  Pneumatized Carapace  
  167  10:00  Overlord  
  167  10:21  Hydralisk  
  167  10:24  Swarm Host x3  
  167  10:25  Swarm Host x2  
  167  10:27  Overlord x2  
  199  10:32  Hive  
  199  11:16  Burrow  
  185  11:39  Hydralisk  
  173  11:40  Hydralisk x6  
  173  11:41  Hydralisk  
  164  11:54  Hydralisk  
  164  11:55  Hydralisk x3  
  164  11:56  Roach x4  
  164  11:57  Roach x6  
  164  11:58  Roach x2  
  126  12:37  Hydralisk x3  
  126  12:38  Hydralisk x6  
  126  12:39  Hydralisk x6  
  156  12:49  Zerg Missile Weapons Level 3  
  156  13:25  Drone, Hydralisk x5  
  156  13:26  Hydralisk x6  
  179  14:10  Overseer x2  
  179  14:11  Overseer  
  177  14:35  Hatchery  
  176  14:49  Hatchery  
  175  14:56  Hydralisk x6  
  175  14:57  Hydralisk x6  
  197  16:19  Hydralisk x37  
  197  16:24  Roach x8  
  189  16:28  Hydralisk  
  189  16:29  Hydralisk x7  
  189  16:30  Hydralisk x3  
  197  16:58  Hydralisk x6  
  197  16:59  Hydralisk x6  
  188  17:04  Hydralisk  
  172  17:17  Overseer x2  
  151  17:27  Roach x3  
  151  17:28  Roach x6  
  151  17:29  Roach x4  
  177  17:42  Hydralisk x5  
  187  17:46  Queen  
Show
View Real Time Build Order
Export as new Build Order

Nyck Terran - Winner!

Build Orders:  

Get SALT Encoding   

  12  0:00  SCV  
  13  0:12  SCV  
  14  0:17  Supply Depot  
  14  0:24  SCV  
  15  0:39  SCV  
  15  0:41  Barracks  
  16  0:46  Refinery  
  16  0:51  SCV  
  17  1:03  SCV  
  18  1:14  Barracks  
  18  1:16  Supply Depot  
  18  1:17  SCV  
  19  1:31  Reaper  
  20  1:37  Orbital Command  
  20  1:46  Refinery  
  20  2:02  Marine  
  20  2:06  Supply Depot  
  21  2:11  SCV  
  21  2:15  Marine  
  23  2:22  Factory  
  23  2:23  SCV  
  23  2:25  Engineering Bay  
  23  2:27  Marine  
  25  2:42  SCV  
  25  2:43  Marine  
  26  2:51  Marine  
  26  2:54  Terran Infantry Armor Level 1  
  26  2:57  Engineering Bay  
  27  3:03  Barracks  
  27  3:05  SCV  
  28  3:09  Marine  
  28  3:11  Marine  
  30  3:20  Starport  
  30  3:28  Barracks Tech Lab  
  30  3:29  Factory Reactor  
  30  3:30  Marine  
  30  3:34  SCV  
  32  3:38  Terran Infantry Weapons Level 1  
  32  3:46  SCV  
  32  3:48  Marine  
  33  3:49  Combat Shield  
  34  4:10  Marine x2  
  34  4:15  Medivac  
  38  4:21  Medivac  
  38  4:24  Supply Depot  
  40  4:25  Marine  
  40  4:29  Barracks Reactor  
  41  4:32  Barracks Reactor  
  41  5:08  Stimpack  
  41  5:11  SCV  
  41  5:12  Command Center  
  42  5:15  Marine x4  
  42  5:16  Marine  
  42  5:18  Medivac  
  49  5:34  SCV  
  34  6:18  Marine  
  34  6:19  Marine x4  
  34  6:25  Orbital Command  
  39  6:29  Refinery  
  39  6:30  SCV  
  40  6:40  Medivac x2  
  40  6:43  SCV  
  45  6:58  SCV x2  
  47  7:02  Marine  
  47  7:03  Marine x4  
  52  7:10  SCV x2  
  52  7:13  Armory  
  52  7:15  Refinery  
  54  7:22  SCV x2  
  56  7:34  SCV x2  
  58  7:41  Marine x3  
  58  7:42  Marine x2  
  63  7:44  Medivac  
  63  7:46  SCV x2  
  63  7:48  Fusion Core  
  67  7:53  Starport  
  67  7:58  SCV  
  67  7:59  SCV, Starport  
  69  8:15  SCV, Command Center  
  70  8:24  Supply Depot  
  70  8:28  Terran Infantry Weapons Level 2  
  70  8:29  Terran Infantry Armor Level 2  
  70  8:33  Terran Vehicle And Ship Armor Level 1  
  70  8:43  Starport Tech Lab  
  70  8:44  Starport Tech Lab  
  70  8:45  Marine x5  
  70  8:46  SCV  
  76  8:58  Starport Tech Lab  
  76  9:14  Starport  
  76  9:18  Supply Depot  
  76  9:27  Orbital Command  
  76  9:29  Refinery  
  76  9:31  SCV x2  
  78  9:42  Supply Depot  
  78  9:43  SCV x2  
  80  9:46  Battlecruiser x2  
  80  9:47  Battlecruiser  
  80  9:51  Starport Tech Lab  
  98  9:55  Armory  
  98  10:00  SCV x3  
  98  10:05  Supply Depot  
  101  10:08  Refinery  
  101  10:12  SCV x2  
  101  10:13  SCV  
  104  10:24  SCV x2  
  104  10:25  SCV  
  104  10:28  Supply Depot  
  107  10:29  Battlecruiser  
  107  10:33  Terran Ship Weapons Level 1  
  113  10:36  SCV  
  113  10:37  SCV x2  
  116  10:43  Terran Vehicle And Ship Armor Level 2  
  116  10:45  Weapon Refit  
  116  10:51  Supply Depot  
  116  10:53  Supply Depot  
  116  10:56  SCV x3  
  119  11:13  Supply Depot  
  96  12:02  SCV x3  
  91  12:09  Battlecruiser x4  
  112  12:36  SCV x3  
  115  12:43  Command Center  
  115  12:45  Terran Ship Weapons Level 2  
  115  13:00  Terran Vehicle And Ship Armor Level 3  
  115  13:10  Command Center  
  115  13:13  Battlecruiser  
  115  13:16  Refinery  
  121  13:21  Battlecruiser  
  121  13:23  Marine  
  121  13:24  Marine x4  
  132  13:28  SCV x3  
  135  13:41  Marine  
  135  13:42  Marine x4  
  140  13:49  Supply Depot  
  140  13:55  SCV  
  140  13:56  SCV x2  
  140  13:58  Battlecruiser x2  
  140  13:59  Marine x4  
  140  14:00  Marine  
  141  14:12  Supply Depot  
  140  14:17  Marine x5  
  145  14:34  Marine  
  145  14:35  Marine x4  
  145  14:36  Supply Depot  
  150  14:39  Battlecruiser  
  156  14:52  Marine  
  156  14:53  Marine x4  
  156  14:55  Battlecruiser  
  156  14:59  Supply Depot  
  167  15:08  Planetary Fortress  
  167  15:10  SCV, Marine  
  167  15:11  SCV x2, Marine x4  
  175  15:21  Supply Depot  
  175  15:28  Marine x3  
  175  15:29  Marine x2, Battlecruiser  
  186  15:44  Supply Depot  
  186  15:46  Marine x5  
  191  15:50  Missile Turret  
  191  15:53  SCV x4  
  195  15:58  Refinery  
  195  16:01  SCV  
  195  16:02  Refinery  
  195  16:03  Viking  
  198  16:04  Marine  
  198  16:05  SCV  
  198  16:07  Supply Depot  
  200  16:13  Planetary Fortress  
  200  16:17  Refinery  
  164  16:32  Supply Depot  
  115  16:54  Supply Depot  
  101  17:17  Supply Depot  
  88  17:42  Viking x4  
Show
View Real Time Build Order
Export as new Build Order

Kos Protoss 

Build Orders:  

Get SALT Encoding   

  12  0:06  Probe (Chrono Boost)  
  13  0:15  Probe (Chrono Boost)  
  13  0:20  Probe (Chrono Boost)  
  14  0:22  Pylon  
  15  0:40  Probe  
  16  0:49  Gateway  
  16  0:52  Probe  
  16  0:55  Gateway  
  17  1:06  Probe  
  18  1:15  Assimilator  
  18  1:18  Probe  
  19  1:30  Probe  
  20  1:40  Cybernetics Core  
  20  1:42  Probe  
  20  1:43  Forge  
  21  1:52  Pylon  
  21  1:55  Probe  
  22  2:03  Assimilator  
  22  2:07  Probe  
  23  2:13  Warp Gate (Chrono Boost)  
  23  2:14  Pylon  
  23  2:19  Probe  
  24  2:25  Stalker (Chrono Boost)  
  26  2:34  Shield Battery  
  26  2:46  Photon Cannon  
  26  2:56  Shield Battery  
  26  3:04  Probe  
  27  3:12  Nexus  
  27  3:17  Pylon  
  27  3:21  Probe  
  28  3:32  Pylon  
  28  3:33  Probe  
  29  3:45  Probe  
  30  3:52  Robotics Facility  
  30  3:54  Stalker  
  32  3:57  Probe  
  32  3:59  Protoss Ground Weapons Level 1 (Chrono Boost)  
  33  4:09  Probe  
  34  4:11  Stalker  
  36  4:19  Stalker  
  38  4:24  Probe  
  38  4:28  Shield Battery  
  39  4:41  Stalker  
  39  4:42  Stalker  
  43  4:45  Probe  
  43  4:46  Probe  
  43  4:51  Assimilator  
  45  4:53  Assimilator  
  45  4:57  Probe  
  45  4:58  Observer, Probe  
  48  5:10  Probe x2  
  50  5:14  Robotics Bay  
  50  5:15  Twilight Council  
  50  5:19  Gateway  
  50  5:22  Probe  
  50  5:23  Probe  
  52  5:34  Probe  
  52  5:35  Probe  
  54  5:40  Observer  
  55  5:46  Probe  
  55  5:47  Probe  
  55  5:48  Protoss Ground Armor Level 1 (Chrono Boost)  
  55  5:49  Charge (Chrono Boost)  
  57  5:58  Probe  
  58  6:17  Stalker x3  
  64  6:29  Extended Thermal Lance  
  64  6:31  Probe x2  
  66  6:43  Probe x2  
  66  6:45  Pylon  
  66  6:47  Pylon  
  68  6:48  Pylon  
  68  6:52  Gateway  
  68  6:55  Gateway  
  68  6:58  Gateway  
  68  7:02  Pylon, Colossus (Chrono Boost)  
  68  7:05  Pylon  
  74  7:17  Probe x2  
  74  7:22  Blink (Chrono Boost)  
  76  7:29  Nexus, Probe  
  77  7:32  Pylon  
  77  7:33  Probe  
  78  7:40  Pylon  
  78  7:41  Probe  
  79  7:46  Protoss Ground Weapons Level 2  
  79  7:50  Pylon  
  79  7:53  Probe  
  79  7:54  Probe  
  81  8:00  Colossus (Chrono Boost)  
  81  8:03  Pylon  
  81  8:05  Probe  
  88  8:06  Probe  
  88  8:11  Shield Battery  
  89  8:14  Shield Battery  
  89  8:18  Stalker  
  89  8:19  Zealot  
  93  8:39  Dark Shrine  
  93  8:41  Gateway  
  93  8:43  Gateway  
  93  8:44  Gateway  
  93  8:48  Probe x3  
  96  8:56  Robotics Facility  
  96  9:02  Pylon  
  96  9:04  Observer  
  96  9:05  Pylon  
  97  9:12  Assimilator x2, Probe x2  
  97  9:13  Probe  
  97  9:15  Zealot x2  
  97  9:16  Zealot x2  
  108  9:28  Gravitic Boosters  
  108  9:39  Probe x3  
  111  9:49  Nexus  
  111  9:50  Assimilator  
  111  9:51  Assimilator, Probe  
  111  9:52  Pylon  
  112  9:57  Pylon  
  112  9:59  Pylon  
  112  10:01  Stalker x3  
  112  10:02  Stalker x2  
  122  10:12  Immortal (Chrono Boost)  
  126  10:16  Immortal (Chrono Boost)  
  126  10:17  Protoss Ground Armor Level 2 (Chrono Boost)  
  126  10:19  Shadow Stride  
  130  10:30  Zealot x2  
  130  10:31  Zealot  
  130  10:33  Zealot  
  130  10:34  Probe  
  139  10:37  Shield Battery  
  139  10:52  Colossus (Chrono Boost)  
  139  10:53  Forge x2  
  145  11:08  Zealot x2  
  145  11:09  Zealot x2  
  145  11:10  Zealot x3  
  158  11:13  Colossus (Chrono Boost)  
  164  11:20  Gateway  
  164  11:24  Gateway  
  164  11:26  Protoss Ground Weapons Level 3 (Chrono Boost)  
  164  11:28  Protoss Shields Level 1 (Chrono Boost)  
  110  12:29  Stalker x6  
  102  12:30  Stalker x4  
  102  12:31  Stalker  
  102  12:33  Probe x2  
  112  12:45  Photon Cannon  
  112  12:47  Photon Cannon  
  112  12:50  Photon Cannon  
  112  12:52  Photon Cannon  
  112  12:57  Templar Archives  
  112  12:59  Gateway  
  112  13:01  Gateway  
  112  13:04  Photon Cannon  
  112  13:07  Photon Cannon  
  112  13:10  Photon Cannon  
  112  13:11  Robotics Facility  
  112  13:15  Robotics Facility  
  112  13:18  Probe x2  
  112  13:19  Probe  
  115  13:24  Dark Templar x3  
  115  13:25  Dark Templar x7  
  135  13:30  Probe x2  
  135  13:31  Probe  
  138  13:42  Colossus x2  
  150  14:11  Protoss Shields Level 2 (Chrono Boost)  
  148  14:21  Protoss Ground Armor Level 3 (Chrono Boost)  
  148  14:22  Stalker  
  148  14:23  Stalker x12  
  174  14:28  Psionic Storm  
  174  14:38  Probe x3  
  177  14:48  Photon Cannon  
  177  14:51  Photon Cannon  
  177  14:58  Photon Cannon  
  177  15:00  Photon Cannon  
  177  15:02  Photon Cannon  
  177  15:04  Photon Cannon  
  177  15:07  High Templar x5  
  177  15:08  High Templar x6  
  177  15:13  Archon x4  
  199  15:15  Archon  
  199  15:50  Nexus  
  199  15:52  Assimilator  
  199  15:53  Assimilator, Pylon  
  199  15:55  Pylon  
  199  15:56  Pylon  
  199  15:57  Pylon  
  181  16:45  Stalker x10  
  181  16:46  Stalker  
  104  17:13  Stalker x13  
  87  17:39  Dark Templar x2  
  87  17:40  Dark Templar x6  
  87  17:41  Dark Templar x4  
  87  17:42  Dark Templar  
  60  18:18  Cybernetics Core  
Show
View Real Time Build Order
Export as new Build Order

NewOrdered Terran 

Build Orders:  

Get SALT Encoding   

  12  0:00  SCV  
  13  0:12  SCV  
  14  0:18  Supply Depot  
  14  0:24  SCV  
  15  0:29  Refinery  
  15  0:39  SCV  
  16  0:45  Barracks  
  16  0:51  SCV  
  17  1:04  SCV  
  18  1:16  SCV  
  19  1:28  SCV  
  20  1:33  Supply Depot, Reaper  
  21  1:41  Orbital Command  
  21  1:59  Factory  
  21  2:06  Marine  
  22  2:10  SCV  
  23  2:16  Command Center  
  23  2:22  SCV  
  24  2:25  Marine  
  25  2:31  Refinery  
  25  2:43  Hellion  
  27  2:45  Marine  
  28  2:53  Starport  
  28  2:55  Supply Depot  
  28  2:56  SCV  
  29  3:06  Cyclone  
  29  3:12  Engineering Bay  
  31  3:21  SCV  
  31  3:24  Barracks  
  31  3:25  Marine  
  33  3:34  Medivac  
  35  3:40  Missile Turret, Factory Tech Lab  
  35  3:48  Orbital Command  
  35  3:51  Marine  
  39  4:02  Siege Tank  
  39  4:06  SCV, Refinery  
  40  4:15  Missile Turret  
  40  4:16  Marine  
  41  4:17  Marine  
  41  4:20  Starport Tech Lab  
  42  4:45  Raven  
  44  4:46  Siege Tank  
  44  4:49  Missile Turret, Refinery  
  44  4:51  Barracks Tech Lab  
  47  4:53  Interference Matrix  
  47  4:55  SCV  
  48  5:00  Missile Turret  
  48  5:02  Marine  
  49  5:17  Command Center  
  49  5:30  SCV x2  
  51  5:45  Combat Shield, Starport  
  51  5:46  SCV x2  
  51  5:49  Barracks Reactor  
  53  5:50  Terran Infantry Weapons Level 1  
  52  6:05  Siege Tank  
  51  6:24  Missile Turret  
  51  6:25  Marine  
  51  6:26  Missile Turret  
  51  6:28  Missile Turret  
  51  6:30  Starport Reactor  
  52  6:37  Siege Tank  
  52  6:39  Marine x2  
  57  6:49  Raven  
  59  6:59  Marine  
  62  7:04  Stimpack  
  62  7:05  Supply Depot  
  60  7:09  Orbital Command  
  60  7:26  SCV x2  
  60  7:27  Marine  
  60  7:28  Medivac  
  67  7:32  Orbital Command  
  67  7:38  SCV x2  
  69  7:46  Raven, Viking  
  69  7:47  Marine  
  72  7:52  Barracks  
  72  7:58  SCV x2  
  74  8:00  Missile Turret  
  74  8:06  SCV  
  74  8:07  Refinery  
  74  8:10  SCV  
  76  8:15  Armory  
  76  8:18  Terran Infantry Armor Level 1  
  76  8:26  Missile Turret  
  76  8:29  Supply Depot  
  76  8:30  Supply Depot  
  76  8:40  Marine  
  77  8:42  Barracks Reactor  
  77  8:45  Supply Depot  
  77  8:50  Medivac  
  77  8:51  SCV x2, Marauder  
  83  9:00  Factory, Medivac  
  85  9:07  Siege Tank, Refinery  
  85  9:08  Marine  
  89  9:12  Medivac  
  91  9:18  Terran Vehicle Weapons Level 1  
  91  9:19  SCV  
  92  9:34  Missile Turret x2  
  92  9:35  SCV x2  
  92  9:36  SCV  
  95  9:42  Supply Depot  
  95  9:46  Medivac  
  95  9:51  Factory Tech Lab  
  97  10:08  SCV x2  
  99  10:15  Marine  
  99  10:16  Missile Turret  
  99  10:18  Command Center  
  98  10:29  Siege Tank  
  98  10:30  Siege Tank  
  104  10:37  Marine  
  104  10:38  Missile Turret, Marauder  
  107  10:47  Marine x2  
  109  11:26  Marine  
  109  11:27  Medivac  
  109  11:28  Marauder  
  109  11:29  Siege Tank x2  
  91  11:58  Marine x2, Marauder  
  95  12:01  Siege Tank  
  95  12:03  Factory  
  95  12:05  Factory  
  95  12:06  Raven  
  99  12:20  Marauder  
  97  12:22  Viking x2  
  93  12:30  Marine  
  93  12:31  Marine  
  93  12:32  Thor  
  93  12:36  Missile Turret  
  95  12:38  Orbital Command  
  95  12:40  Viking  
  95  12:41  SCV x3, Marine x2  
  95  12:42  Marine  
  103  12:49  Factory Tech Lab x2  
  103  13:01  Viking  
  105  13:08  Unknown  
  105  13:09  Starport  
  105  13:10  Starport  
  105  13:11  Starport, Terran Infantry Weapons Level 2  
  105  13:12  Starport  
  105  13:14  Terran Ship Weapons Level 1  
  105  13:18  SCV x3  
  105  13:19  SCV  
  109  13:34  Factory Tech Lab  
  109  13:35  Missile Turret  
  109  13:36  Missile Turret x2, Viking  
  109  13:39  Missile Turret  
  111  13:45  Raven  
  111  13:47  Starport Reactor  
  111  13:48  Starport Reactor  
  113  13:49  Starport Reactor  
  113  13:55  Thor  
  113  13:56  Siege Tank, SCV  
  113  14:02  Starport Tech Lab  
  123  14:25  Supply Depot  
  123  14:27  Supply Depot  
  123  14:32  Supply Depot  
  123  14:40  Missile Turret  
  123  14:41  Missile Turret  
  123  14:43  Missile Turret  
  123  14:44  Missile Turret  
  123  14:45  Command Center  
  123  14:47  Raven, Siege Tank, Viking x2  
  123  14:49  SCV x4  
  123  14:50  Sensor Tower  
  136  14:58  Thor  
  142  15:01  SCV x2  
  128  15:07  Viking x2  
  148  15:18  Supply Depot  
  148  15:20  Supply Depot  
  148  15:23  Terran Vehicle And Ship Armor Level 1, Viking  
  148  15:28  Hi-Sec Auto Tracking  
  143  15:30  Viking x2  
  147  15:37  Viking  
  147  15:38  Viking  
  147  15:41  SCV x2  
  153  15:49  Missile Turret  
  153  15:50  Missile Turret  
  153  15:55  Viking  
  135  15:57  Viking  
  155  16:03  Orbital Command  
  157  16:07  Siege Tank  
  77  16:38  Marine x3, Viking x2  
  77  16:39  Viking x3  
  72  16:51  Marine x2  
  72  16:54  Viking x3  
Tags
 
Add a new tag
Caveats
  • Supply blocks, unpowered buildings, or Contaminate may cause inaccurate times.
  • Supply counts are checked every 10 seconds.